 Dungeon Crawl Stone Soup version 0.25-a0-310-g60f0ac2d9a (webtiles) character file.

Game seed: 9082660915762683152, levelgen mode: classic

14 Borgoz the Sneak (level 2, 19/19 HPs)
             Began as a Halfling Assassin on Dec 23, 2019.
             Quit the game on level 2 of the Dungeon.
             The game lasted 00:00:21 (354 turns).

Borgoz the Sneak (Halfling Assassin)                 Turns: 354, Time: 00:00:21

Health: 19/19      AC:  3    Str: 12    XL:     2   Next: 55%
Magic:  2/2        EV: 14    Int:  9    God:
Gold:   6          SH:  0    Dex: 15    Spells: 1/1 levels left

rFire    . . .     SeeInvis .   a - +2 dagger
rCold    . . .     Gourm    .   (shield restricted)
rNeg     . . .     Faith    .   b - +0 robe
rPois    .         Spirit   .   (no helmet)
rElec    .         Reflect  .   c - +0 cloak
rCorr    .         Harm     .   (no gloves)
MR       .....                  (no boots)
Stlth    +++.......             (no amulet)
HPRegen  0.06/turn              (no ring)
MPRegen  0.08/turn              (no ring)

@: no status effects
A: small, mutation resistance 1
a: no special abilities


You were on level 2 of the Dungeon.
You were not hungry.

You visited 1 branch of the dungeon, and saw 2 of its levels.

You collected 6 gold pieces.

Inventory:

Hand Weapons
 a - a +2 dagger (weapon)
Missiles
 d - 8 poisoned darts (quivered)
 e - 2 curare-tipped darts
Armour
 b - a +0 robe (worn)
 c - a +0 cloak (worn)
Scrolls
 g - a scroll of teleportation {unknown}
Comestibles
 f - a ration


   Skills:
 * Level 2.1 Fighting
 * Level 2.7 Short Blades
 - Level 2.0 Throwing
 * Level 0.8 Armour
 * Level 1.5 Dodging
 - Level 4.3 Stealth


You had one spell level left.
You didn't know any spells.
Your spell library was empty.

Dungeon Overview and Level Annotations

Branches:
Dungeon (2/15)

Altars:


Innate Abilities, Weirdness & Mutations

You are small and have problems with some larger weapons.
You are somewhat resistant to further mutation.


Message History

The giant cockroach is severely wounded.
The giant cockroach misses you.
You hit the giant cockroach.
The giant cockroach is almost dead.
The giant cockroach barely misses you.
You hit the giant cockroach.
You kill the giant cockroach!
The helpless giant cockroach fails to defend itself.
You impale the giant cockroach!!
You kill the giant cockroach!
Found a scroll labeled USUULEUXUM.
Found a stone staircase leading up.
You hit the giant cockroach.
The giant cockroach is heavily wounded.
The giant cockroach closely misses you.
You hit the giant cockroach.
You kill the giant cockroach!
No target in view!
No target in view!
g - a scroll labeled USUULEUXUM Are you sure you want to abandon this character and quit the game? (Confirm with "yes".)

### .#..........
.#.......?...#
.#............
........###.######
............#....#
................@#...
....................#
....................#
.#..............<......
.#...........###....##..
.#...........# #....# #
.#........†..# #....#
.....................
.###..###........ ...


There were no monsters in sight!

Vanquished Creatures
  An adder (D:2)
  3 giant cockroaches (D:2)
4 creatures vanquished.

Notes
Turn   | Place    | Note
-------+----------+-------------------------------------------
     0 | D:1      | Borgoz the Halfling Assassin began the quest for the Orb.
     0 | D:1      | Reached XP level 1. HP: 14/14 MP: 1/1
     2 | D:1      | You fall into a shaft and drop 1 floor!
    27 | D:2      | Reached XP level 2. HP: 4/19 MP: 2/2
   354 | D:2      | Quit the game

Levels and vault maps discovered:
D:1:      dpeg_arrival_tiny_b, layout_basic, minmay_tripent
D:2:      layout_basic, zin_angel, old_standard_altar, minmay_split_cup_large

Skill      XL: |  1 |
---------------+----+-----
Fighting       | 2 |  2.1
Short Blades   | |  2.7
Throwing       | |  2.0
Armour         | |  0.8
Dodging        | |  1.5
Stealth        | |  4.3

Action                   || total
-------------------------++-------
Melee: Dagger            ||    23
 Stab: Sleeping          ||     1
Armor: Robe              ||     4
Dodge: Dodged            ||    13

Table legend:
 A = Non-vault XP
 B = Vault XP
 C = Vault XP percentage of total XP
 D = Non-vault monster count
 E = Vault monster count
 F = Vault count percentage of total count
                 A         B        C        D         E       F
            +---------+---------+-------+---------+---------+-------
      Total |      20 |       0 |   0.0 |       4 |       0 |   0.0
            +---------+---------+-------+---------+---------+-------
        D:2 |      20 |       0 |   0.0 |       4 |       0 |   0.0
            +---------+---------+-------+---------+---------+-------
